 Dungeon Crawl Stone Soup version 0.26-a0-812-g31a745ddcd (webtiles) character file.

Game seed: 10970050675550437469

7 Lanoc the Vexing (level 1, -3/10 HPs)
             Began as a Spriggan Arcane Marksman on Nov 18, 2020.
             Slain by an adder (4 damage)
             ... on level 2 of the Dungeon.
             The game lasted 00:00:44 (333 turns).

Lanoc the Vexing (Spriggan Arcane Marksman)          Turns: 333, Time: 00:00:45

Health: -3/10      AC:  2    Str:  6    XL:     1   Next: 91%
Magic:  3/3        EV: 18    Int: 14    God:
Gold:   33         SH:  0    Dex: 16    Spells: 1/2 levels left

rFire    . . .     SeeInvis +   (weapon restricted)
rCold    . . .     Faith    .   (shield restricted)
rNeg     . . .     Spirit   .   e - +0 robe
rPois    .         Reflect  .   (helmet restricted)
rElec    .         Harm     .   (no cloak)
rCorr    .         Rampage  .   (gloves unavailable)
MR       .....                  (boots unavailable)
Stlth    +.........             (no amulet)
HPRegen  0.03/turn              (no ring)
MPRegen  0.08/turn              (no ring)

@: very quick
A: very small, unfitting armour, see invisible, speed 3
a: no special abilities


You were on level 2 of the Dungeon.
You visited 1 branch of the dungeon, and saw 2 of its levels.

You collected 33 gold pieces.

Inventory:

Hand Weapons
 a - a +0 shortbow
Armour
 e - a +0 robe (worn)
Jewellery
 f - a cursed amulet of inaccuracy {unknown}
Potions
 b - a potion of invisibility {unknown}
 c - a potion of brilliance {unknown}


   Skills:
 + Level 1.0 Fighting
 + Level 2.6 Bows
 + Level 3.2 Dodging
 - Level 1.3 Spellcasting
 + Level 3.8 Hexes


You had one spell level left.
You knew the following spells:

 Your Spells              Type           Power        Failure   Level
a - Corona                Hex            ##.....      5%          1

Your spell library contained the following spells:

 Spells                   Type           Power        Failure   Level
 Slow                     Hex            ##......     9%          2
 Inner Flame              Hex/Fire       #.......     34%         3
 Portal Projectile        Hex/Tloc       #.....       34%         3
 Cause Fear               Hex            ##........   47%         4
 Leda's Liquefaction      Hex/Erth       #.........   75%         4


Dungeon Overview and Level Annotations

Branches:
Dungeon (2/15)

Altars:


Innate Abilities, Weirdness & Mutations

You are very small and have problems with some larger weapons.
You are too small for most types of armour.
You have supernaturally acute eyesight. (SInv)
You cover ground extremely quickly.


Message History

The hobgoblin is severely wounded.
The hobgoblin closely misses you.
You hit the hobgoblin but do no damage.
The hobgoblin is severely wounded.
The hobgoblin completely misses you.
You hit the hobgoblin but do no damage.
The hobgoblin is severely wounded.
The hobgoblin misses you.
You hit the hobgoblin.
The hobgoblin is almost dead.
The hobgoblin misses you.
You hit the hobgoblin but do no damage.
The hobgoblin is almost dead.
The hobgoblin misses you.
You hit the hobgoblin.
You kill the hobgoblin!
The adder bites you.
* * * LOW HITPOINT WARNING * * *
You hit the adder but do no damage. The adder bites you.
You die...

#. #. # ###. #.....
####.###.#######
#..........@S.(#
#.. #..##..##.....#
## #.# #....##
..... .#####.##
##..## ##.#
........## #..# #
.#####...###..###..
.# #.#..........#
.# ##.#..........#
.#
#....###..###...#


You could see an adder.

Vanquished Creatures
  A goblin (D:1)
  A hobgoblin (D:2)
  3 jackals (D:1)
  A bat (D:1)
6 creatures vanquished.

Notes
Turn   | Place    | Note
-------+----------+-------------------------------------------
     0 | D:1      | Lanoc the Spriggan Arcane Marksman began the quest for the
                  | Orb.
     0 | D:1      | Reached XP level 1. HP: 9/9 MP: 3/3
   141 | D:1      | Reached skill level 1 in Fighting
   333 | D:2      | Slain by an adder

Illustrated notes

Levels and vault maps discovered:
D:1:      eino_arrival_cavern_a, layout_loops_ring
D:2:      layout_loops_corners, cheibriados_altar_1, palyth_stone_intersect

Skill      XL: |  1 |
---------------+----+-----
Fighting       | 1 |  1.0
Bows           | |  2.6
Dodging        | |  3.2
Spellcasting   | |  1.3
Hexes          | |  3.8

Action                   || total
-------------------------++-------
Melee: Unarmed           ||    12
 Fire: Shortbow          ||    23
Armor: Robe              ||     2
Dodge: Dodged            ||    25

Table legend: (Time is in decaauts)
 A = Elapsed time spent in this place.
 B = Non-inter-level travel time spent in this place.
 C = Inter-level travel time spent in this place.
 D = Time resting spent in this place.
 E = Time spent auto-exploring this place.
 F = Levels seen in this place.
 G = Mean time per level.
                   A        B        C        D        E       F      G
               +--------+--------+--------+--------+--------+-----+--------+
         Total |    276 |    276 |      0 |      0 |    230 |   2 |  138.0 |
       Dungeon |    276 |    276 |      0 |      0 |    230 |   2 |  138.0 |
               +--------+--------+--------+--------+--------+-----+--------+

Top non-repeatable levels by time:
     D:2: 169 daAuts
     D:1: 107 daAuts
